[ AOE2 MATCH · #477846096 ]
Team RMPersians vs Britons
[ REPLAY ANALYSIS · EXTRACTED FROM THE RECORDED GAME ]
Feudal
12:35
Castle
—
Imperial
—
| APM avg | 9.1 |
| APM peak | 22 |
| eAPM avg | 6.4 |
| Villagers / military | 34 / 0 |
Focus
⚔️ 9.8% · 🌾 90.2%
Feudal
14:25
Castle
—
Imperial
—
| APM avg | 25.7 |
| APM peak | 45 |
| eAPM avg | 11.3 |
| Villagers / military | 39 / 0 |
Focus
⚔️ 6.5% · 🌾 93.5%
Feudal
—
Castle
—
Imperial
—
| APM avg | 1.7 |
| APM peak | 28 |
| eAPM avg | 0.8 |
| Villagers / military | 5 / 0 |
Focus
⚔️ 0.0% · 🌾 100.0%
Feudal
—
Castle
—
Imperial
—
| APM avg | 2.6 |
| APM peak | 37 |
| eAPM avg | 0.8 |
| Villagers / military | 4 / 0 |
Focus
⚔️ 0.0% · 🌾 100.0%
Feudal
13:00
Castle
—
Imperial
—
| APM avg | 21.1 |
| APM peak | 45 |
| eAPM avg | 12.8 |
| Villagers / military | 56 / 0 |
Focus
⚔️ 13.8% · 🌾 86.2%
Feudal
11:51
Castle
—
Imperial
—
| APM avg | 9.2 |
| APM peak | 23 |
| eAPM avg | 5.4 |
| Villagers / military | 18 / 0 |
Focus
⚔️ 3.2% · 🌾 96.8%
Match map
Initial resources + every placement click. Lines = walls · curves = elevation contours. ◆ gold · ⬟ stone · ● berries · ✦ relic · ◌ wall gap
Your base· ✓ Closed at 12:00 · 0t walls · no gate
Draducken's base· ✓ Closed at 12:00 · 28t walls · 2 gate(s)
Yupi's base· Open — opponent sealed themselves in
Axuare's base· Open — opponent sealed themselves in
estebassguitar's base· ✓ Closed at 12:00 · 0t walls · no gate
emam_omar's base· Open — opponent sealed themselves in
Smoothed initial terrain · ◌ = detected wall gap · hover for details
Inputs per minute
— abiisalazar - - Draducken
Build order — abiisalazar
53 actions detected in the replay
| 0:05 | Create | Villager (Male) |
| 0:06 | Create | Villager (Male) |
| 0:06 | Create | Villager (Male) |
| 0:06 | Create | Villager (Male) |
| 0:07 | Create | Villager (Male) |
| 0:19 | Build | House |
| 0:20 | Build | House |
| 2:13 | Research | Loom |
| 2:14 | Create | Villager (Male) |
| 3:56 | Create | Villager (Male) |
| 3:56 | Create | Villager (Male) |
| 3:57 | Create | Villager (Male) |
| 5:01 | Build | Mill |
| 7:25 | Create | Villager (Male) |
| 7:26 | Create | Villager (Male) |
| 7:27 | Create | Villager (Male) |
| 7:27 | Create | Villager (Male) |
| 7:28 | Create | Villager (Male) |
| 7:28 | Create | Villager (Male) |
| 7:28 | Create | Villager (Male) |
| 7:29 | Create | Villager (Male) |
| 7:29 | Create | Villager (Male) |
| 7:56 | Create | Villager (Male) |
| 7:57 | Create | Villager (Male) |
| 7:57 | Create | Villager (Male) |
| 7:57 | Create | Villager (Male) |
| 7:57 | Create | Villager (Male) |
| 8:19 | Build | House |
| 10:00 | Build | Lumber Camp |
| 10:30 | Research | Feudal Age |
| 11:25 | Create | Villager (Male) |
| 11:26 | Create | Villager (Male) |
| 11:26 | Create | Villager (Male) |
| 11:27 | Create | Villager (Male) |
| 11:27 | Create | Villager (Male) |
| 11:27 | Create | Villager (Male) |
| 11:28 | Create | Villager (Male) |
| 11:28 | Create | Villager (Male) |
| 11:29 | Create | Villager (Male) |
| 11:29 | Create | Villager (Male) |
| 11:29 | Create | Villager (Male) |
| 11:39 | Build | Lumber Camp |
| 12:35 | Age | Feudal Age |
| 13:05 | Build | House |
| 13:26 | Research | Double-Bit Axe |
| 13:30 | Research | Horse Collar |
| 13:59 | Build | Mining Camp |
| 14:56 | Build | Market |
| 15:07 | Research | Gold Mining |
| 16:30 | Build | House |
| 16:33 | Build | House |
| 16:36 | Build | House |
| 16:38 | Build | House |
Build order — Draducken
73 actions detected in the replay
| 0:02 | Research | Loom |
| 0:03 | Create | Villager (Male) |
| 0:03 | Create | Villager (Male) |
| 0:04 | Create | Villager (Male) |
| 0:04 | Create | Villager (Male) |
| 0:08 | Build | House |
| 0:09 | Build | House |
| 0:12 | Build | House |
| 1:54 | Create | Villager (Male) |
| 1:55 | Create | Villager (Male) |
| 2:10 | Create | Villager (Male) |
| 2:38 | Create | Villager (Male) |
| 3:07 | Create | Villager (Male) |
| 3:07 | Create | Villager (Male) |
| 3:30 | Create | Villager (Male) |
| 3:52 | Create | Villager (Male) |
| 3:53 | Create | Villager (Male) |
| 4:12 | Create | Villager (Male) |
| 4:12 | Create | Villager (Male) |
| 5:07 | Create | Villager (Male) |
| 5:07 | Create | Villager (Male) |
| 5:07 | Create | Villager (Male) |
| 5:18 | Build | House |
| 5:32 | Build | Lumber Camp |
| 6:00 | Create | Villager (Male) |
| 6:00 | Create | Villager (Male) |
| 6:00 | Create | Villager (Male) |
| 6:00 | Create | Villager (Male) |
| 6:21 | Create | Villager (Male) |
| 6:29 | Create | Villager (Male) |
| 6:42 | Create | Villager (Male) |
| 7:02 | Build | Palisade Wall |
| 7:07 | Create | Villager (Male) |
| 7:08 | Create | Villager (Male) |
| 7:19 | Build | Palisade Wall |
| 7:28 | Build | Palisade Gate |
| 7:31 | Build | Palisade Gate |
| 7:36 | Create | Villager (Male) |
| 7:37 | Create | Villager (Male) |
| 8:22 | Build | Mill |
| 8:28 | Build | House |
| 8:29 | Build | House |
| 8:41 | Create | Villager (Male) |
| 9:37 | Build | Mining Camp |
| 9:40 | Create | Villager (Male) |
| 10:03 | Create | Villager (Male) |
| 10:21 | Create | Villager (Male) |
| 10:51 | Create | Villager (Male) |
| 10:57 | Build | Farm |
| 10:58 | Build | Farm |
| 11:05 | Create | Villager (Male) |
| 11:17 | Build | Farm |
| 11:18 | Build | Farm |
| 11:20 | Build | Farm |
| 12:08 | Research | Feudal Age |
| 12:30 | Build | Farm |
| 12:31 | Build | Farm |
| 12:49 | Build | House |
| 12:55 | Build | House |
| 13:11 | Build | House |
| 13:50 | Create | Villager (Male) |
| 14:25 | Age | Feudal Age |
| 14:25 | Research | Double-Bit Axe |
| 14:43 | Build | Stone Wall |
| 14:46 | Build | Stone Wall |
| 15:09 | Build | Gate |
| 15:12 | Build | Gate |
| 15:17 | Create | Villager (Male) |
| 15:19 | Research | Wheelbarrow |
| 15:54 | Build | Blacksmith |
| 16:19 | Create | Villager (Male) |
| 16:21 | Create | Villager (Male) |
| 16:35 | Build | Mining Camp |
Build order — Yupi
7 actions detected in the replay
| 0:06 | Build | House |
| 0:10 | Build | House |
| 0:26 | Create | Villager (Male) |
| 0:26 | Create | Villager (Male) |
| 0:26 | Create | Villager (Male) |
| 0:27 | Create | Villager (Male) |
| 0:27 | Create | Villager (Male) |
Build order — Axuare
7 actions detected in the replay
| 0:04 | Build | House |
| 0:05 | Create | Villager (Male) |
| 0:08 | Create | Villager (Male) |
| 0:09 | Create | Villager (Male) |
| 0:09 | Create | Villager (Male) |
| 0:26 | Build | House |
| 1:03 | Build | House |
Build order — estebassguitar
83 actions detected in the replay
| 0:07 | Create | Villager (Male) |
| 0:08 | Create | Villager (Male) |
| 0:08 | Create | Villager (Male) |
| 0:08 | Create | Villager (Male) |
| 0:21 | Build | House |
| 0:23 | Build | House |
| 0:24 | Build | House |
| 0:24 | Build | House |
| 1:54 | Create | Villager (Male) |
| 1:57 | Build | House |
| 1:58 | Build | House |
| 2:28 | Create | Villager (Male) |
| 2:44 | Create | Villager (Male) |
| 2:44 | Create | Villager (Male) |
| 3:14 | Create | Villager (Male) |
| 3:14 | Create | Villager (Male) |
| 3:36 | Create | Villager (Male) |
| 3:54 | Create | Villager (Male) |
| 4:25 | Create | Villager (Male) |
| 5:05 | Create | Villager (Male) |
| 5:18 | Create | Villager (Male) |
| 5:40 | Create | Villager (Male) |
| 6:26 | Create | Villager (Male) |
| 6:26 | Create | Villager (Male) |
| 6:26 | Create | Villager (Male) |
| 6:37 | Create | Villager (Male) |
| 6:48 | Build | Mining Camp |
| 6:50 | Build | Lumber Camp |
| 7:46 | Create | Villager (Male) |
| 7:46 | Create | Villager (Male) |
| 7:46 | Create | Villager (Male) |
| 7:46 | Create | Villager (Male) |
| 7:49 | Create | Villager (Male) |
| 7:49 | Create | Villager (Male) |
| 8:38 | Build | Mill |
| 8:43 | Create | Villager (Male) |
| 8:44 | Create | Villager (Male) |
| 8:44 | Create | Villager (Male) |
| 8:44 | Create | Villager (Male) |
| 9:43 | Create | Villager (Male) |
| 9:43 | Create | Villager (Male) |
| 9:43 | Create | Villager (Male) |
| 9:44 | Create | Villager (Male) |
| 10:07 | Create | Villager (Male) |
| 10:07 | Create | Villager (Male) |
| 10:18 | Build | Mill |
| 10:48 | Research | Feudal Age |
| 10:50 | Create | Villager (Male) |
| 11:10 | Build | Lumber Camp |
| 11:38 | Create | Villager (Male) |
| 11:38 | Create | Villager (Male) |
| 11:38 | Create | Villager (Male) |
| 13:00 | Age | Feudal Age |
| 13:05 | Research | Horse Collar |
| 13:05 | Research | Double-Bit Axe |
| 13:15 | Create | Villager (Male) |
| 13:16 | Create | Villager (Male) |
| 13:19 | Research | Wheelbarrow |
| 13:21 | Create | Villager (Male) |
| 13:21 | Create | Villager (Male) |
| 13:21 | Create | Villager (Male) |
| 13:21 | Create | Villager (Male) |
| 13:41 | Create | Villager (Male) |
| 13:42 | Create | Villager (Male) |
| 13:47 | Build | Mining Camp |
| 13:52 | Build | Mining Camp |
| 14:18 | Build | Market |
| 14:40 | Create | Villager (Male) |
| 14:40 | Create | Villager (Male) |
| 14:40 | Create | Villager (Male) |
| 14:41 | Create | Villager (Male) |
| 14:41 | Create | Villager (Male) |
| 14:41 | Create | Villager (Male) |
| 14:42 | Create | Villager (Male) |
| 14:45 | Create | Villager (Male) |
| 15:41 | Build | Market |
| 16:23 | Build | Farm |
| 16:25 | Build | Farm |
| 16:26 | Build | Farm |
| 16:27 | Build | Farm |
| 16:28 | Build | Farm |
| 16:29 | Build | Farm |
| 16:30 | Build | Farm |
Build order — emam_omar
31 actions detected in the replay
| 0:16 | Create | Villager (Male) |
| 0:35 | Build | House |
| 0:41 | Build | House |
| 1:32 | Create | Villager (Male) |
| 1:33 | Create | Villager (Male) |
| 1:57 | Create | Villager (Male) |
| 4:03 | Create | Villager (Male) |
| 4:04 | Create | Villager (Male) |
| 4:56 | Build | Mill |
| 6:48 | Create | Villager (Male) |
| 6:50 | Create | Villager (Male) |
| 6:51 | Create | Villager (Male) |
| 6:56 | Create | Villager (Male) |
| 7:48 | Build | Lumber Camp |
| 9:36 | Create | Villager (Male) |
| 9:39 | Research | Feudal Age |
| 10:54 | Create | Villager (Male) |
| 10:55 | Create | Villager (Male) |
| 10:56 | Create | Villager (Male) |
| 10:59 | Create | Villager (Male) |
| 11:51 | Age | Feudal Age |
| 12:00 | Build | Lumber Camp |
| 12:11 | Create | Villager (Male) |
| 12:43 | Build | Market |
| 12:48 | Build | House |
| 13:26 | Research | Horse Collar |
| 14:35 | Build | House |
| 14:40 | Build | House |
| 15:08 | Create | Villager (Male) |
| 15:08 | Create | Villager (Male) |
| 15:22 | Build | Barracks |
Match timeline
| 0:58 | Yupi · resign |
| 7:02 | Draducken · wall_segment Palisade Wall x24 |
| 7:19 | Draducken · wall_segment Palisade Wall x4 |
| 11:51 | emam_omar · age_up feudal |
| 12:35 | abiisalazar · age_up feudal |
| 13:00 | estebassguitar · age_up feudal |
| 14:25 | Draducken · age_up feudal |
| 14:43 | Draducken · wall_segment Stone Wall x2 |
| 14:46 | Draducken · wall_segment Stone Wall x23 |
| 15:22 | emam_omar · first_building Barracks |
[ AI ANALYSIS · 1 CREDIT ]
What really happened in this match?
Wolo.gg analyzes every decision: build order, eco, micro, common mistakes by bracket. Personalized analysis on WhatsApp or Discord in 30 seconds.
Civ guide
Persians
Map guide
Amazon Tunnel
Perfil
Jugador #21135113